 Dungeon Crawl Stone Soup version 0.31-a0-1603-gbec6b6ccbf (webtiles) character file.

Game seed: 6579265276622501587

2163 MisterAzrael the Chopper (level 9, -8/79 HPs)
             Began as a Hill Orc Fighter on Jan 8, 2024.
             Was a Follower of Beogh.
             Mangled by Menkaure (14 damage)
             ... on level 6 of the Dungeon.
             The game lasted 00:06:28 (4612 turns).

MisterAzrael the Chopper (Hill Orc Fighter)         Turns: 4612, Time: 00:06:29

Health: -8/79      AC:  7    Str: 23    XL:     9   Next: 32%
Magic:  13/13      EV:  8    Int:  8    God:    Beogh [*.....]
Gold:   194        SH:  5    Dex: 10    Spells: 8/8 levels left

rFire   . . .        a - +0 war axe (vamp)
rCold   . . .        c - +0 buckler
rNeg    . . .        n - +0 chain mail
rPois   +            q - +0 helmet
rElec   .            (no cloak)
rCorr   .            (no gloves)
SInv    .            (no boots)
Will    .....        e - amulet of regeneration Stlth
                     g - +4 ring of protection
HPRegen 1.13/turn    t - ring of Ofior {rPois Stlth+}
MPRegen 0.13/turn

%: no passive effects
@: corroded
A: no striking features
a: Renounce Religion


You were on level 6 of the Dungeon.
You worshipped Beogh.
Beogh was aware of your devotion.
You visited 1 branch of the dungeon, and saw 6 of its levels.

You collected 327 gold pieces.
You spent 133 gold pieces at shops.

Inventory:

Hand Weapons
 a - a +0 vampiric war axe (weapon)
Armour
 b - a +0 scale mail
 c - a +0 buckler (worn)
 n - a +0 chain mail (worn)
 q - a +0 helmet (worn)
Jewellery
 e - an amulet of regeneration (around neck)
 g - a +4 ring of protection (left hand)
 t - the ring of Ofior (right hand) {rPois Stlth+}
   (You found it on level 5 of the Dungeon)

   [ring of poison resistance]

   rPois:     It protects you from poison Stlth+: It makes you more stealthy.
Wands
 d - a wand of iceblast (13)
 u - a wand of paralysis (16)
Scrolls
 f - 7 scrolls of revelation {unknown}
 h - 5 scrolls of identify {unknown}
 i - a scroll of fear {unknown}
 l - 2 scrolls of teleportation {unknown}
 m - 2 scrolls of blinking {unknown}
 v - a scroll of poison {unknown}
Potions
 j - 3 potions of resistance {unknown}
 k - 2 potions of curing {unknown}
 o - a potion of might
 r - 3 potions of cancellation {unknown}
 s - a potion of ambrosia {unknown}
 w - a potion of haste {unknown}
 x - a potion of lignification {unknown}


   Skills:
 + Level 7.4 Fighting
 + Level 7.7 Axes
 + Level 6.9 Armour
 + Level 6.9 Shields
 + Level 6.1 Invocations


You had 8 spell levels left.
You didn't know any spells.
Your spell library contained the following spells:

 Spells                   Type           Power      Damage    Failure   Level
 Magic Dart               Conj           0%         1d3       95%         1
 Shock                    Conj/Air       0%         1d3       95%         1
 Call Imp                 Summ           0%         N/A       99%         2
 Mercury Vapours          Alch/Air       0%         N/A       99%         2
 Searing Ray              Conj           0%         2d4       99%         2
 Sublimation of Blood     Necr           0%         N/A       99%         2
 Frozen Ramparts          Ice            0%         1d1       100%        3
 Mephitic Cloud           Conj/Alch/Air  0%         N/A       100%        3
 Swiftness                Air            0%         N/A       100%        3
 Tukima's Dance           Hex            0%         N/A       100%        3
 Airstrike                Air            0%         2d(0-16)  100%        4
 Fulminant Prism          Conj/Alch      0%         3d5       100%        4
 Leda's Liquefaction      Alch/Erth      0%         N/A       100%        4
 Passage of Golubria      Tloc           0%         N/A       100%        4
 Petrify                  Alch/Erth      0%         N/A       100%        4
 Freezing Cloud           Conj/Ice/Air   0%         6-21      100%        5
 Metabolic Englaciation   Hex/Ice        0%         N/A       100%        5
 Yara's Violent Unravell  Hex/Alch       0%         3d3       100%        5
 Summon Hydra             Summ           0%         N/A       100%        7


Dungeon Overview and Level Annotations

Branches:
Dungeon (6/15)             Temple (0/1) D:4

Altars:
Elyvilon

Shops:
D:5 ?

Annotations:
D:5 1 runed translucent door
D:6 Menkaure


Message History

Found 14 gold pieces.
The jelly quivers.
Menkaure, Prince of Dust comes into view.
Found a scroll labelled HOILOF XIWNULA.
The jelly hits you but does no damage.
You slash the jelly! The acid corrodes you!
Your hands burn!
The jelly is moderately wounded.
The jelly hits you.
You are splashed with acid!
Menkaure calls on the powers of darkness!
The jelly convulses!
Your body is wracked with pain!
You are too injured to fight recklessly!
You are too injured to fight recklessly!
Menkaure casts a spell.
Menkaure seems to speed up.
You see here 13 gold pieces.
You block the jelly's attack.
You feel much better. The jelly hits you but does no damage.
Menkaure calls on the powers of darkness!
The jelly convulses!
Your body is wracked with pain!
You hit the jelly but do no damage.
Your hands burn!
The jelly is severely wounded.
The jelly barely misses you.
You hit Menkaure but do no damage. You hit the jelly.
Your hands burn!
* * * LOW HITPOINT WARNING * * *
You block Menkaure's attack. The jelly hits you but does no damage.
Menkaure hits you!
* * * LOW HITPOINT WARNING * * *
You feel much better. The jelly hits you. The acid corrodes you!
You are splashed with acid.
Menkaure hits you.
You slash the jelly!
You feel better.
You kill the jelly!
Beogh accepts your kill.
You hit Menkaure but do no damage. Menkaure hits you.
You slash Menkaure!
Menkaure is moderately damaged.
Menkaure hits you!
* * * LOW HITPOINT WARNING * * *
Menkaure hits you!
* * * LOW HITPOINT WARNING * * *
Menkaure hits you!
You die...

## ...# #.###...
...#..### .# .. #
.......###.. . #.
#..........# . #?.
#..........## #...
####...........# #
#...#$.@....>......# ##
#.....M##..........## #.
##....#####.........###.
#....# ##.........###..
#.$.#.# #..........##...
##..#####..........##...
.... #...........##..)
..... ##..........)#..#.
.#.. ...............###


You could see Menkaure (fast).

Vanquished Creatures
  Grinder (D:3)
  3 sky beasts
  An ice beast (D:5)
  2 ogres
  A bullfrog (D:6)
  9 scorpions
  3 killer bees (D:4)
  An orc priest (D:6)
  4 hounds
  3 jellies
  4 iguanas (D:6)
  Terence (D:2)
  3 orc wizards
  Ijyb (D:3)
  Robin (D:3)
  14 adders
  3 gnolls (D:2)
  2 white imps
  3 dart slugs (D:1)
  7 orcs
  6 ball pythons
  6 endoplasms
  11 giant cockroaches
  12 goblins
  7 hobgoblins
  5 kobolds
  3 quokkas
  4 bats
  6 frilled lizards
  3 rats
130 creatures vanquished.

Notes
Turn   | Place    | Note
-------+----------+-------------------------------------------
     0 | D:1      | MisterAzrael the Hill Orc Fighter began the quest for the
                  | Orb.
     0 | D:1      | Reached XP level 1. HP: 19/19 MP: 1/1
   298 | D:1      | Reached XP level 2. HP: 24/27 MP: 2/2
   929 | D:2      | Reached XP level 3. HP: 31/33 MP: 3/3
   949 | D:2      | Reached XP level 4. HP: 40/40 MP: 4/4
  1442 | D:2      | Reached XP level 5. HP: 47/47 MP: 5/5
  1481 | D:2      | Noticed Terence
  1489 | D:2      | Killed Terence
  1954 | D:3      | Noticed Ijyb
  1957 | D:3      | Noticed Grinder
  1969 | D:3      | Paralysed by Grinder for 3 turns
  1972 | D:3      | Killed Ijyb
  1976 | D:3      | Killed Grinder
  1977 | D:3      | Reached skill level 5 in Fighting
  1977 | D:3      | Reached skill level 5 in Axes
  1977 | D:3      | Reached XP level 6. HP: 32/56 MP: 5/7
  2153 | D:3      | Noticed Robin
  2164 | D:3      | Killed Robin
  2165 | D:3      | Reached XP level 7. HP: 61/61 MP: 8/8
  2167 | D:3      | Reached skill level 5 in Shields
  2696 | D:4      | Found a white marble altar of Elyvilon.
  2776 | D:4      | Reached skill level 5 in Armour
  3025 | D:4      | Found a staircase to the Ecumenical Temple.
  3634 | D:5      | Entered Level 5 of the Dungeon
  3642 | D:5      | Reached XP level 8. HP: 48/70 MP: 10/10
  3694 | D:5      | Found Dookhen's Magic Scroll Shop.
  3698 | D:5      | Bought a scroll of brand weapon for 133 gold pieces
  3823 | D:5      | Identified the ring of Ofior {rPois Stlth+}
  3868 | D:5      | Became a worshipper of Beogh the Brigand
  4067 | D:5      | Found a runed translucent door.
  4082 | D:5      | Found a runed translucent door.
  4194 | D:5      | Reached skill level 5 in Invocations
  4428 | D:6      | Reached * piety under Beogh
  4429 | D:6      | Reached XP level 9. HP: 74/79 MP: 13/13
  4600 | D:6      | Noticed Menkaure
  4612 | D:6      | Mangled by Menkaure

Illustrated notes

Levels and vault maps discovered:
D:1:      matt_arrival_diagonals, layout_basic, kennysheep_decorative_pillar
D:2:      layout_basic, minmay_heptomino_d4, uniq_terence
D:3:      layout_loops_ring, minmay_misc_feat_nine_boxes, uniq_robin, uniq_ijyb,
          uniq_grinder
D:4:      layout_basic, mainiacjoe_overflow_paths, lemuel_temple_firewalk_b
D:5:      lemuel_insect_pit, layout_rooms, serial_shops, shop
D:6:      layout_cave_pools, fedhas_bush_and_centaur_altar, uniq_menkaure

Skill      XL: |  1  2  3  4  5  6  7  8  9 |
---------------+----------------------------+-----
Axes           | 3 4 5 6 7 |  7.7
Fighting       | 4 5 6 7 |  7.4
Armour         | 4 5 6 |  6.9
Shields        | 4 5 6 |  6.9
Invocations    | 2 3 5 6 |  6.1

Action                     |  1- 3 |  4- 6 |  7- 9 || total
---------------------------+-------+-------+-------++-------
  Melee: War axe           |    42 |   141 |   286 ||   469
 Invoke: Convert to Beogh  |       |       |     1 ||     1
    Use: Potion            |       |     1 |     6 ||     7
         Scroll            |       |       |     1 ||     1
 Armour: Scale mail        |    34 |    70 |       ||   104
         Chain mail        |       |    51 |   313 ||   364
  Dodge: Dodged            |    23 |    70 |   123 ||   216
  Block: Buckler           |    11 |    30 |    76 ||   117

Table legend: (Time is in decaauts)
 A = Elapsed time spent in this place.
 B = Non-inter-level travel time spent in this place.
 C = Inter-level travel time spent in this place.
 D = Time resting spent in this place.
 E = Time spent auto-exploring this place.
 F = Levels seen in this place.
 G = Mean time per level.
                   A        B        C        D        E       F      G
               +--------+--------+--------+--------+--------+-----+--------+
         Total |   4735 |   4499 |    236 |    408 |   3124 |   6 |  789.2 |
       Dungeon |   4735 |   4499 |    236 |    408 |   3124 |   6 |  789.2 |
               +--------+--------+--------+--------+--------+-----+--------+

Top non-repeatable levels by time:
     D:4: 999 daAuts
     D:2: 980 daAuts
     D:1: 927 daAuts
     D:3: 820 daAuts
     D:5: 613 daAuts
     D:6: 393 daAuts
